 Dungeon Crawl Stone Soup version 0.29-a0-322-g68df515428 (webtiles) character file.

Game seed: 5342643172670707558

3 zishaf the Ruffian (level 1, 8/17 HPs)
             Began as a Djinni Wanderer on Apr 5, 2022.
             Was a Believer of Lugonu.
             Quit the game on level 1 of the Dungeon.
             The game lasted 00:00:45 (64 turns).

zishaf the Ruffian (Djinni Wanderer)                  Turns: 64, Time: 00:00:46

Health: 8/17       AC:  5    Str: 12    XL:     1   Next: 55%
Gold:   14         EV: 10    Int: 13    God:    Lugonu [**....] SH:  0 Dex: 11

rFire   + + .      SeeInvis .   a - +0 club
rCold   x . .      Faith    .   (no shield)
rNeg    . . .      Spirit   .   b - +0 ring mail
rPois   ∞          Reflect  .   (no helmet)
rElec   .          Harm     .   (no cloak)
rCorr   .          Rampage  .   (no gloves)
Will    .....                   (boots unavailable)
Stlth   +.........              (no amulet)
HPRegen 0.05/turn               (no ring)
MPRegen 0.00/turn               (no ring)

@: flying
A: sickness immunity, fire resistance 2, cold vulnerability 1, float, innate
caster, HP casting, extra vitality 1
a: Renounce Religion, Depart the Abyss, Bend Space


You were on level 1 of the Dungeon.
You worshipped Lugonu.
Lugonu was pleased with you.
You visited 1 branch of the dungeon, and saw 1 of its levels.

You collected 14 gold pieces.

Inventory:

Hand Weapons
 a - a +0 club (weapon)
Armour
 b - a +0 ring mail (worn)
Potions
 c - a potion of curing
 d - a potion of attraction


   Skills:
 + Level 1.1 Fighting
 - Level 1.0 Throwing
 - Level 1.0 Armour
 - Level 2.0 Unarmed Combat
 * Level 1.7 Spellcasting
 - Level 1.7 Invocations


You couldn't memorise any spells.
You knew the following spells:

 Your Spells              Type           Power      Damage    Failure   Level
a - Scorch                Fire           10%        2d6       41%         2
b - Flame Wave            Conj/Fire      5%         2d5       96%         4
c - Foxfire               Conj/Fire      20%        2x1d5     28%         1

Your spell library contained the following spells:

 Spells                   Type           Power      Damage    Failure   Level


Dungeon Overview and Level Annotations

Branches:
Dungeon (1/15)

Altars:
Lugonu


Innate Abilities, Weirdness & Mutations

You are immune to sickness and miasma.
You are immune to poison.
Your flesh is very heat resistant. (rF++)
You are vulnerable to cold. (rC-)
You float through the air rather than walking.
You learn spells naturally, not from books.
Your magical power is your life essence.
You have superior vitality. (+4 MHP)


Message History

The endoplasm misses you.
You hit the endoplasm but do no damage.
The endoplasm is moderately wounded.
The endoplasm closely misses you. The endoplasm barely misses you.
The frilled lizard closely misses you.
You hit the endoplasm.
The endoplasm is almost dead.
The endoplasm freezes you.
You are frozen.
You feel a terrible chill! The frilled lizard barely misses you.
You hit the endoplasm.
You kill the endoplasm!
The frilled lizard completely misses you.
You closely miss the frilled lizard. The frilled lizard barely misses you.
The frilled lizard bites you but does no damage.
You hit the frilled lizard.
The frilled lizard is heavily wounded.
The frilled lizard barely misses you.
You closely miss the frilled lizard. You punch the frilled lizard.
You kill the frilled lizard!
You see here a frilled lizard corpse.
There is a faded altar of an unknown god here.
You cannot tell which god this altar belongs to.
Convert to them anyway?
Lugonu accepts your prayer! Lugonu welcomes you!
You can now depart the Abyss.
You can now bend space around yourself.
You now have 14 gold pieces.
You see here 25 stones.
Found a runed whip.
A goblin comes into view. It is wielding a +0 club.
The goblin shouts!
The goblin hits you with a +0 club.
You hit the goblin.
The goblin is heavily wounded.
The goblin barely misses you. The goblin hits you with a +0 club.
You are too injured to fight recklessly!
You are too injured to fight recklessly!
You are too injured to fight recklessly!
You are too injured to fight recklessly!
Are you sure you want to abandon this character and quit the game? (Confirm with "yes".)

#.....
################)...
#.....##............
#.....##..P..P....P
#....._....♣ ♣...♣
#.....†....♣ ♣...♣ ♣
#.....#....♣♣♣..P♣♣♣...♣
#####....(.P....@P.P....
####..###........g......
..........P.....P..PP.PP
..........P♣♣♣..P♣♣♣P..♣
...........♣ ♣...♣ ...♣
#..######..♣♣♣P..♣♣♣P..♣
... #....P..P.PP.. . ...
#............. ..
###..P..P.P.PPP.


You could see a goblin.

Vanquished Creatures
  An endoplasm (D:1)
  A goblin (D:1)
  A frilled lizard (D:1)
3 creatures vanquished.

Notes
Turn   | Place    | Note
-------+----------+-------------------------------------------
     0 | D:1      | zishaf the Djinni Wanderer began the quest for the Orb.
     0 | D:1      | Reached XP level 1. HP: 17/17 MP: 0/0
    34 | D:1      | Found a faded altar of an unknown god.
    47 | D:1      | Prayed at the altar of an unknown god.
    47 | D:1      | Became a worshipper of Lugonu the Unformed
    47 | D:1      | Reached * piety under Lugonu
    47 | D:1      | Reached ** piety under Lugonu
    64 | D:1      | Quit the game

Illustrated notes

Levels and vault maps discovered:
D:1:      tarquinn_simple_flora_water_a, layout_rooms, basic_ecumenical_altar,
          kennysheep_boxes

Action                   || total
-------------------------++-------
Melee: Club              ||    10
       Punch             ||     1
Armor: Ring mail         ||     2
Dodge: Dodged            ||    10

Table legend: (Time is in decaauts)
 A = Elapsed time spent in this place.
 B = Non-inter-level travel time spent in this place.
 C = Inter-level travel time spent in this place.
 D = Time resting spent in this place.
 E = Time spent auto-exploring this place.
 F = Levels seen in this place.
 G = Mean time per level.
                   A        B        C        D        E       F      G
               +--------+--------+--------+--------+--------+-----+--------+
         Total |     67 |     67 |      0 |      0 |     26 |   1 |   67.0 |
       Dungeon |     67 |     67 |      0 |      0 |     26 |   1 |   67.0 |
               +--------+--------+--------+--------+--------+-----+--------+

Top non-repeatable levels by time:
     D:1: 67 daAuts
